 Dungeon Crawl Stone Soup version 0.31.0-11-ge490571c62 (webtiles) character file.

Game seed: 18411916388413477393

5430 Zeor the Spear-Bearer (level 10, -5/55 HPs)
             Began as a Vine Stalker Berserker on Feb 1, 2024.
             Was an Elder of Trog.
             Slain by a red devil
             ... wielding a +0 spear
              (10 damage)
             ... on level 8 of the Dungeon.
             The game lasted 00:23:39 (6987 turns).

Zeor the Spear-Bearer (Vine Stalker Berserker)      Turns: 6987, Time: 00:23:39

Health: -5/55      AC: 11    Str: 29    XL:     10   Next: 67%
Magic:  0/11       EV: 12    Int:  4    God:    Trog [****..]
Gold:   442        SH:  0    Dex: 17    Spells: 9/9 levels left

rFire   . . .        a - +0 trident (freeze)
rCold   . . .        (no shield)
rNeg    . . .        e - +0 ring mail of Curiosity {Str+2 Int-3 Stlth+}
rPois   +            b - +0 helmet
rElec   .            (no cloak)
rCorr   .            f - +2 pair of gloves
SInv    .            A - +0 pair of boots
Will    +....        (no amulet)
Stlth   +++          m - +6 ring of strength
HPRegen 1.09/turn    y - ring of poison resistance
MPRegen 0.12/turn

%: guardian spirit
@: spiked, on berserk cooldown, slowed, very slow
A: fangs 3, regeneration 1, magic shield, antimagic bite, no potion heal 2
a: Renounce Religion, Berserk, Trog's Hand, Brothers in Arms


You were on level 8 of the Dungeon.
You worshipped Trog.
Trog was greatly pleased with you.
You visited 1 branch of the dungeon, and saw 8 of its levels.

You collected 442 gold pieces.

Inventory:

Hand Weapons
 a - a +0 trident of freezing (weapon)
 o - a +2 heavy orcbow
 D - a +3 trident
Armour
 b - a +0 helmet (worn)
 e - the +0 ring mail of Curiosity (worn) {Str+2 Int-3 Stlth+}
   (You found it on level 3 of the Dungeon)

   Str+2:     It affects your strength (+2).
   Int-3:     It affects your intelligence (-3).
   Stlth+:    It makes you more stealthy.
 f - a +2 pair of gloves (worn)
 v - a +2 leather armour of cold resistance
 A - a +0 pair of boots (worn)
 C - +0 acid dragon scales
Jewellery
 m - a +6 ring of strength (left hand)
 y - a ring of poison resistance (right hand)
Wands
 h - a wand of flame (27)
 p - a wand of light (11)
 q - a wand of paralysis (6)
 r - a wand of roots (17)
Scrolls
 c - 7 scrolls of teleportation
 g - 2 scrolls of identify
 i - a scroll of revelation
 n - a scroll of butterflies
 x - a scroll of fear
 z - a scroll of vulnerability
Potions
 d - a potion of ambrosia
 j - a potion of invisibility
 k - 4 potions of curing
 l - a potion of mutation
 s - a potion of lignification
 t - a potion of attraction
 w - 2 potions of might


   Skills:
 * Level 7.3 Fighting
 + Level 3.9 Long Blades
 * Level 9.9 Polearms
 + Level 4.9 Armour
 + Level 3.3 Dodging
 + Level 4.8 Stealth


You had 9 spell levels left.
You didn't know any spells.
Your spell library was empty.

Dungeon Overview and Level Annotations

Branches:
Dungeon (8/15)             Temple (0/1) D:7            Lair (0/5) D:8

Altars:
Elyvilon
Fedhas
Kikubaaqudgha
Nemelex Xobeh
Trog
Uskayaw
Yredelemnul

Annotations:
D:2 1 runed translucent door, Crazy Yiuf


Innate Abilities, Weirdness & Mutations

You have razor-sharp teeth.
Your natural rate of healing is unusually fast.
When hurt, damage is shared between your health and your magic reserves.
Your bite disrupts and absorbs the magic of your enemies.
Potions cannot restore your health.


Message History

Aim: an orc warrior, wielding a +0 trident and wearing a +0 ring mail (about 40% to evade your +0 trident of freezing)
You reach to attack!
You closely miss the orc warrior.
Reach: a) +0 trident (freeze)
Press: ? - help, Dir - move target, f/p - orc warrior
Aim: an orc warrior, wielding a +0 trident and wearing a +0 ring mail (about 40% to evade your +0 trident of freezing)
You reach to attack!
You impale the orc warrior!! You freeze the orc warrior!
The orc warrior is almost dead.
The orc warrior hits you from afar with a +0 trident.
* * * LOW HITPOINT WARNING * * *
Reach: a) +0 trident (freeze)
Press: ? - help, Dir - move target, f/p - orc warrior
Aim: an orc warrior, wielding a +0 trident and wearing a +0 ring mail (almost dead, about 40% to evade your +0 trident of freezing)
You reach to attack!
You completely miss the orc warrior.
The orc warrior is almost dead.
Reach: a) +0 trident (freeze)
Press: ? - help, Dir - move target, f/p - orc warrior
Aim: an orc warrior, wielding a +0 trident and wearing a +0 ring mail (almost dead, about 40% to evade your +0 trident of freezing)
You reach to attack!
You barely miss the orc warrior.
The orc warrior is almost dead.
The orc warrior hits you but does no damage.
Reach: a) +0 trident (freeze)
Press: ? - help, Dir - move target, f/p - orc warrior
Aim: an orc warrior, wielding a +0 trident and wearing a +0 ring mail (almost dead, about 40% to evade your +0 trident of freezing)
You reach to attack!
You puncture the orc warrior! You freeze the orc warrior.
You kill the orc warrior!
Trog accepts your kill.
You feel a strong urge to attack something.
The red devil hits you but does no damage.
You are no longer berserk.
You are exhausted.
You feel yourself slow down.
Reach: a) +0 trident (freeze)
Press: ? - help, Dir - move target, f - red devil
Aim: a red devil, wielding a +0 spear and wearing a +0 scale mail (about 40% to evade your +0 trident of freezing)
You reach to attack!
You closely miss the red devil.
The red devil hits you from afar with a +0 spear!
* * * LOW HITPOINT WARNING * * *
Barbed spikes become lodged in your body.
The red devil hits you from afar with a +0 spear!
You die...

▒ ▒ ▒▒ ▒▒ ∙∙∙∙▒ ∙▒▒
∙∙∙∙▒▒ ∙∙▒▒∙▒ ##∙▒∙▒
∙∙∙∙∙▒ ≈∙▒∙▒ ∙∙∙∙▒▒
▒▒ ∙∙∙▒ ▒∙∙∙▒
▒▒∙∙∙▒▒▒∙∙▒
▒∙∙∙∙∙∙∙∙∙∙$∙4∙f∙∙▒
▒∙∙∙∙∙▒▒▒∙∙∙▒▒▒†∙▒
∙∙∙∙∙∙▒▒∙▒▒∙∙∙∙▒
▒▒∙∙∙#∙#▒∙▒∙∙≈∙∙▒
▒▒▒▒∙∙∙∙≈≈∙▒∙▒∙≈≈∙▒▒
∙∙∙∙∙∙∙∙∙∙∙∙∙∙∙∙∙∙▒
∙∙∙∙∙∙∙∙∙▒∙∙∙∙∙∙∙∙▒▒
∙∙∙∙∙∙∙∙∙∙∙∙∙▒▒∙>∙∙▒
▒▒▒∙∙∙∙∙∙∙∙∙∙∙∙∙▒▒▒▒


You could see a red devil.

Vanquished Creatures
  2 komodo dragons (D:8)
  2 red devils (D:8)
  2 wyverns (D:8)
  2 basilisks (D:8)
  A steam dragon (D:7)
  An acid dragon (D:8)
  3 water moccasins
  An ice beast (D:7)
  A black bear (D:5)
  An elephant zombie (D:7)
  A sky beast (D:7)
  3 orc warriors
  2 ogres
  3 centaurs
  A phantom (D:5)
  An elf zombie (D:7)
  A gnoll sergeant (D:7)
  9 wights
  10 killer bees (D:8)
  2 centaur zombies (D:7)
  2 hounds
  3 jellies
  A bombardier beetle (D:4)
  A gnoll bouda (D:7)
  5 orc priests
  Jessica (D:2)
  An iguana (D:4)
  Natasha (D:3)
  9 orc wizards
  Terence (D:2)
  A killer bee zombie (D:7)
  An ogre zombie (D:7)
  5 hound zombies (D:7)
  8 gnolls (D:7)
  3 howler monkey zombies (D:7)
  9 adders
  A shadow imp (D:8)
  2 white imps
  4 ufetubi
  An adder zombie (D:7)
  A ribbon worm (D:2)
  31 orcs
  6 endoplasms
  A giant cockroach (D:3)
  6 hobgoblins
  5 jackals
  3 kobolds
  7 quokkas
  7 ball pythons
  9 bats
  2 frilled lizards (D:2)
  2 goblins
  7 rats
196 creatures vanquished.

Notes
Turn   | Place    | Note
-------+----------+-------------------------------------------
     0 | D:1      | Zeor the Vine Stalker Berserker began the quest for the
                  | Orb.
     0 | D:1      | Reached XP level 1. HP: 11/11 MP: 2/2
   258 | D:1      | Reached XP level 2. HP: 16/16 MP: 3/3
   373 | D:1      | Found a faded altar of an unknown god.
   624 | D:2      | Noticed Jessica
   632 | D:2      | Killed Jessica
   633 | D:2      | Reached XP level 3. HP: 7/20 MP: 0/4
   689 | D:2      | hmmmmm
   703 | D:2      | Reached XP level 4. HP: 24/24 MP: 3/5
   835 | D:2      | Found an ancient bone altar of Kikubaaqudgha.
   933 | D:2      | Noticed Terence
   940 | D:2      | Killed Terence
  1073 | D:2      | Reached ** piety under Trog
  1214 | D:2      | Reached XP level 5. HP: 18/28 MP: 6/6
  1242 | D:2      | Found a runed translucent door.
  1243 | D:2      | Noticed Crazy Yiuf
  1780 | D:3      | Found a sparkling altar of Nemelex Xobeh.
  1949 | D:3      | Noticed Natasha
  1959 | D:3      | Killed Natasha
  1960 | D:3      | Reached skill level 1 in Polearms
  1960 | D:3      | Reached skill level 1 in Stealth
  1981 | D:3      | Identified the +0 ring mail of Curiosity {Str+2 Int-3
                  | Stlth+}
  2395 | D:4      | Reached skill level 2 in Polearms
  2395 | D:4      | Reached XP level 6. HP: 33/33 MP: 7/7
  2444 | D:4      | Found a white marble altar of Elyvilon.
  2599 | D:4      | Found a bloodstained altar of Trog.
  2915 | D:4      | Reached skill level 3 in Polearms
  2915 | D:4      | Reached XP level 7. HP: 37/37 MP: 8/8
  3084 | D:5      | Entered Level 5 of the Dungeon
  3163 | D:5      | Found a hide-covered altar of Uskayaw.
  3188 | D:5      | Reached *** piety under Trog
  3492 | D:5      | Reached skill level 4 in Polearms
  4082 | D:6      | Gained mutation: You have razor-sharp teeth. [Vine Stalker
                  | growth]
  4082 | D:6      | Reached XP level 8. HP: 42/42 MP: 9/9
  4107 | D:6      | Reached skill level 5 in Polearms
  4680 | D:7      | Found a staircase to the Ecumenical Temple.
  4694 | D:7      | Reached skill level 6 in Polearms
  4842 | D:7      | Reached skill level 5 in Fighting
  5294 | D:7      | Reached XP level 9. HP: 47/47 MP: 10/10
  5346 | D:7      | Reached skill level 7 in Polearms
  5515 | D:7      | Reached **** piety under Trog
  5593 | D:7      | Found a basalt altar of Yredelemnul.
  5973 | D:7      | Found a blossoming altar of Fedhas.
  5976 | D:7      | Reached skill level 8 in Polearms
  6327 | D:8      | Noticed a komodo dragon
  6333 | D:8      | Reached XP level 10. HP: 19/53 MP: 3/11
  6339 | D:8      | HP: 2/53 [komodo dragon (17)]
  6344 | D:8      | Reached skill level 9 in Polearms
  6426 | D:8      | Found a staircase to the Lair.
  6987 | D:8      | Slain by a red devil

Illustrated notes

▒∙∙∙∙∙∙∙∙∙∙∙∙∙∙∙∙∙∙
▒▒∙∙∙∙∙∙∙∙∙∙∙∙∙▒∙∙∙∙∙
▒▒▒▒∙∙∙∙<∙∙∙∙∙∙∙∙∙∙∙∙∙∙∙
∙∙∙∙∙∙∙∙∙∙∙∙∙▒▒▒▒▒∙∙∙∙▒∙
∙∙∙∙∙▒▒∙▒▒▒∙∙▒▒ ∙▒▒▒∙∙
▒∙∙∙∙∙▒∙▒ ▒∙∙∙▒▒ ∙▒ ∙∙
∙∙∙∙∙∙∙∙▒▒▒∙∙∙∙▒
∙∙∙▒∙∙∙∙∙∙∙∙∙∙∙▒
∙∙∙∙∙∙∙∙∙∙∙f∙∙$▒∙∙


∙∙∙∙∙∙∙∙∙∙∙∙∙∙∙∙∙∙∙ ∙∙∙∙∙∙∙∙∙†∙∙∙∙∙∙∙∙∙ ∙∙∙▒∙∙∙∙∙∙∙∙∙∙∙∙∙∙∙ ∙∙∙∙∙∙∙∙∙∙∙∙∙∙∙∙∙∙∙
∙∙▒▒∙∙∙∙∙∙∙∙∙∙∙∙∙∙∙ ▒∙∙▒∙∙∙∙∙∙∙∙∙∙∙∙∙ ▒∙▒▒∙∙∙∙∙∙∙∙∙∙∙∙g ▒∙ ▒∙∙∙∙∙∙∙∙∙∙∙∙ Turn
689 on D:2: hmmmmm

Levels and vault maps discovered:
D:1:      minmay_arrival_semitransparent, layout_loops_ring,
          shapermc_ecumenical_altar_starsandcircs
D:2:      layout_rooms, basic_altar, minmay_mini_jars, uniq_jessica,
          uniq_crazy_yiuf_cottage, uniq_terence
D:3:      layout_basic, nemelex_spade_bored_becter, minivault_26, uniq_natasha
D:4:      layout_cave_pods, old_standard_altar, old_standard_altar,
          hangedman_feature_mirror
D:5:      layout_loops_ring, nicolae_uskayaw_dance_hall
D:6:      layout_basic, hangedman_decor_points, kennysheep_small_square
D:7:      layout_basic, fedhas_altar_4, minmay_temple_entry_large_hall,
          roadster_capsule_ark_zombie
D:8:      layout_layer_cave, erik_lair_dragon, minmay_misc_feat_doors,
          einodemon_armed_red_devil_minivault

Skill      XL: |  1  2  3  4  5  6  7  8  9 10 |
---------------+-------------------------------+-----
Fighting       | 3 4 5 6 7 |  7.3
Long Blades    | 3 |  3.9
Dodging        | 2 3 |  3.3
Polearms       | 2 3 4 6 8 9 |  9.9
Stealth        | 1 2 3 4 |  4.8
Armour         | 2 3 4 |  4.9

Action                     |  1- 3 |  4- 6 |  7- 9 | 10-12 || total
---------------------------+-------+-------+-------+-------++-------
  Melee: Falchion          |    47 |    17 |       |       ||    64
         Bite              |    12 |    40 |    83 |    29 ||   164
         Punch             |     2 |       |     3 |     1 ||     6
         Trident           |       |   158 |   227 |   150 ||   535
         Spear             |       |       |    82 |       ||    82
 Invoke: Berserk           |     1 |     4 |     6 |     4 ||    15
    Use: Scroll            |       |    15 |     4 |     2 ||    21
         Potion            |       |       |       |     1 ||     1
   Stab: Sleeping          |     2 |     6 |     9 |       ||    17
         Distracted        |       |       |     1 |       ||     1
 Armour: Animal skin       |    24 |     5 |       |       ||    29
         Chain mail        |       |    77 |       |       ||    77
         Leather armour    |       |     3 |       |       ||     3
         Ring mail         |       |    39 |   166 |   123 ||   328
  Dodge: Dodged            |    39 |    81 |   140 |    72 ||   332
